 Dungeon Crawl Stone Soup version 0.25-a0-424-g80bd347ae0 (webtiles) character file.

Game seed: 6908195677389577590, levelgen mode: deterministic

49 Kohma the Stinger (level 3, 0/30 HPs)
             Began as a Naga Venom Mage on Jan 23, 2020.
             Slain by a leopard gecko (2 damage)
             ... on level 2 of the Dungeon.
             The game lasted 00:04:31 (1057 turns).

Kohma the Stinger (Naga Venom Mage)                 Turns: 1057, Time: 00:04:31

Health: 0/30       AC:  2    Str: 10    XL:     3   Next: 75%
Magic:  0/6        EV: 10    Int: 15    God:
Gold:   53         SH:  0    Dex: 12    Spells: 4/7 levels left

rFire    . . .     SeeInvis +   f - +0 short sword
rCold    . . .     Gourm    .   (no shield)
rNeg     . . .     Faith    .   a - +0 robe
rPois    +         Spirit   .   (no helmet)
rElec    .         Reflect  .   (no cloak)
rCorr    .         Harm     .   (no gloves)
MR       .....                  (no barding)
Stlth    +++.......             (no amulet)
HPRegen  0.10/turn              (no ring)
MPRegen  0.10/turn              (no ring)

@: very slow
A: large, see invisible, deformed body, poison resistance, slowness 2, slow
metabolism 1, spit poison 1, AC +1
a: Spit Poison


You were on level 2 of the Dungeon.
You were hungry.

You visited 1 branch of the dungeon, and saw 2 of its levels.

You collected 53 gold pieces.

Inventory:

Hand Weapons
 f - a +0 short sword (weapon)
Missiles
 g - 5 stones (quivered)
Armour
 a - a +0 robe (worn)
Scrolls
 e - 2 scrolls of teleportation {unknown}
 j - a scroll of remove curse {unknown}
 k - 2 scrolls of blinking {unknown}
 l - 2 scrolls of identify {unknown}
 m - a scroll of immolation {unknown}
 n - a scroll of magic mapping {unknown}
Potions
 b - a potion of resistance {unknown}
 h - a potion of berserk rage {unknown}
 i - a potion of haste {unknown}
Comestibles
 c - 3 rations
 d - 5 chunks of flesh


   Skills:
 + Level 0.7 Fighting
 - Level 1.5 Dodging
 * Level 4.2 Stealth
 * Level 2.5 Spellcasting
 - Level 1.0 Transmutations
 * Level 4.6 Poison Magic


You had 4 spell levels left.
You knew the following spells:

 Your Spells              Type           Power        Failure   Level  Hunger
a - Sting                 Tmut/Pois      ##..         7%          1    #......
b - Poisonous Vapours     Pois/Air       #.....       12%         2    ###....

Your spell library contained the following spells:

 Spells                   Type           Power        Failure   Level  Hunger
 Ignite Poison            Fire/Tmut/Pois #.......     28%         3    ###....
 Olgreb's Toxic Radiance  Pois           ###.....     30%         4    #####..
 Mephitic Cloud           Conj/Pois/Air  #.......     32%         3    ###....


Dungeon Overview and Level Annotations

Branches:
Dungeon (2/15)

Altars:


Innate Abilities, Weirdness & Mutations

You cannot wear boots.
Your serpentine skin is tough. (AC +1)
You have supernaturally acute eyesight. (SInv)
Armour fits poorly on your strangely shaped body.
Your system is resistant to poisons. (rPois)
You cover ground very slowly.
You have a slow metabolism.
You can spit poison.


Message History

Press: ? - help, Shift-Dir - straight line, f/p - leopard gecko
Aim: a leopard gecko (heavily wounded, poisoned)
The sting misses the leopard gecko.
The leopard gecko closely misses you.
You hit the leopard gecko but do no damage.
The leopard gecko is heavily wounded.
The leopard gecko closely misses you.
The leopard gecko bites you but does no damage.
You hit the leopard gecko but do no damage.
The leopard gecko is heavily wounded.
The leopard gecko bites you.
* * * LOW HITPOINT WARNING * * *
Casting: Sting (safe; 7% risk of failure)
Confirm with . or Enter, or press ? or * to list all spells.
Aiming: Sting (safe; 7% risk of failure)
Press: ? - help, Shift-Dir - straight line, f/p - leopard gecko
Aim: a leopard gecko (severely wounded, poisoned)
The sting hits the leopard gecko.
The leopard gecko looks even sicker.
The leopard gecko is almost dead.
The leopard gecko bites you.
You die...

....##...##......#.# ##
....##...##......#.# ..#
#.#.##...##......#.## #.#
....................# ...
.........#..##.##..###.#
.........#..##.###.#...
.........#..##.....#.###.##
.........#..######.........
.........#.....(@l......#..
......>..#..######.#.......
#####....# #.#....##.
#...... ..#....# ........
##.#(...# ##.#.#..#
.......r. .#.#... .........
.#


You could see a leopard gecko.

Vanquished Creatures
  An adder (D:2)
  2 oozes (D:1)
  2 leopard geckos (D:1)
  3 ball pythons (D:1)
  A hobgoblin (D:1)
  2 jackals (D:2)
  A kobold (D:1)
  5 bats (D:1)
  A frilled lizard (D:1)
  5 goblins
  7 rats (D:1)
30 creatures vanquished.

Notes
Turn   | Place    | Note
-------+----------+-------------------------------------------
     0 | D:1      | Kohma the Naga Venom Mage began the quest for the Orb.
     0 | D:1      | Reached XP level 1. HP: 15/15 MP: 3/3
   341 | D:1      | Reached XP level 2. HP: 22/22 MP: 3/5
   349 | D:1      | Learned a level 2 spell: Poisonous Vapours
   789 | D:1      | Reached XP level 3. HP: 22/30 MP: 1/6
  1057 | D:2      | Slain by a leopard gecko

Levels and vault maps discovered:
D:1:      saegor_arrival_simple_e, layout_rooms, st_stairs_1
D:2:      layout_basic, chequers_ecumenical_altar_island,
          minmay_indecisive_spiral, uniq_jessica

Skill      XL: |  1  2  3 |
---------------+----------+-----
Stealth        | 4 |  4.2
Fighting       | |  0.7
Dodging        | |  1.5
Spellcasting   | |  2.5
Transmutations | |  1.0
Poison Magic   | |  4.6

Action                   || total
-------------------------++-------
Melee: Short sword       ||    33
 Cast: Sting             ||    22
       Poisonous Vapours ||     9
 Abil: Spit Poison       ||     1
 Stab: Sleeping          ||     5
Armor: Robe              ||     6
Dodge: Dodged            ||    33

Table legend:
 A = Non-vault XP
 B = Vault XP
 C = Vault XP percentage of total XP
 D = Non-vault monster count
 E = Vault monster count
 F = Vault count percentage of total count
                 A         B        C        D         E       F
            +---------+---------+-------+---------+---------+-------
      Total |      62 |       8 |  11.4 |      26 |       4 |  13.3
            +---------+---------+-------+---------+---------+-------
        D:1 |      44 |       4 |   8.3 |      23 |       2 |   8.0
        D:2 |      18 |       4 |  18.2 |       3 |       2 |  40.0
            +---------+---------+-------+---------+---------+-------
